 Dungeon Crawl Stone Soup version 0.21.1-68-g103a7afc0a (webtiles) character file.

14709 ThePonjo the Cleaver (level 11, -1/90 (91) HPs)
             Began as a Minotaur Berserker on July 31, 2018.
             Was a High Priest of Trog.
             Slain by an eight-headed hydra (3 damage)
             ... on level 11 of the Dungeon on Aug 1, 2018.
             The game lasted 01:53:26 (12796 turns).

ThePonjo the Cleaver (Minotaur Berserker)          Turns: 12796, Time: 01:53:27

HP:   -1/90 (91)    AC: 18    Str: 23    XL:     11   Next: 92%
MP:   10/10         EV:  9    Int:  9    God:    Trog [*****.]
Gold: 323           SH:  0    Dex: 12    Spells: 10/10 levels left

rFire    . . .     SeeInvis .   y - +3 battleaxe (venom)
rCold    . . .     Gourm    .   (shield currently unavailable)
rNeg     . . .     Faith    .   E - +0 plate armour {Yo}
rPois    .         Spirit   .   (helmet restricted)
rElec    .         Reflect  .   B - +0 cloak
rCorr    +         Harm     .   p - +0 pair of gloves
MR       .....                  (no boots)
Stlth    ..........             (no amulet)
HPRegen  0.65/turn              r - +5 ring of intelligence
MPRegen  0.12/turn              m - ring of resist corrosion

@: no status effects
A: retaliatory headbutt, horns 2, frail 1, regeneration 1, screaming 1
a: Berserk, Trog's Hand, Brothers in Arms, Burn Spellbooks, Renounce Religion


You were on level 11 of the Dungeon.
You worshipped Trog.
Trog was extremely pleased with you.
You were not hungry.

You visited 1 branch of the dungeon, and saw 12 of its levels.

You collected 521 gold pieces.
You spent 198 gold pieces at shops.

Inventory:

Hand Weapons
 d - a +2 hand axe
 y - a +3 battleaxe of venom (weapon)
Missiles
 n - 7 tomahawks (quivered)
Armour
 p - a +0 pair of gloves (worn)
 x - a +0 buckler
 B - a +0 cloak (worn)
 E - a +0 plate armour (worn) {Yo}
Jewellery
 j - an uncursed ring of magical power
 m - a ring of resist corrosion (right hand)
 r - a +5 ring of intelligence (left hand)
 L - a cursed ring of loudness
Wands
 h - a wand of polymorph (7)
 v - a wand of digging (11)
 I - a wand of flame (56)
 K - a wand of acid (6)
 M - a wand of scattershot (5)
Scrolls
 a - a scroll of immolation {unknown}
 b - 2 scrolls of fear
 e - 5 scrolls of amnesia
 i - 6 scrolls of teleportation
 k - 5 scrolls of remove curse
 o - a scroll of fog
 q - a scroll of blinking {unknown}
 t - 4 scrolls of random uselessness
 D - 2 scrolls of holy word
 J - a scroll of magic mapping
 N - 2 scrolls of vulnerability {unknown}
 Q - a scroll of acquirement {unknown}
Potions
 f - a potion of curing
 l - a potion of flight
 s - a potion of ambrosia
 u - 2 potions of haste
 z - a potion of might
 A - 2 potions of brilliance
 C - a potion of magic {unknown}
 P - 2 potions of agility
Comestibles
 c - 11 rations


   Skills:
 + Level 11.2 Fighting
 + Level 14.2 Axes
 - Level 0.2 Throwing
 + Level 12.5 Armour
 - Level 4.7 Dodging
 - Level 0.3 Stealth
 + Level 5.9 Shields


You had 10 spell levels left.
You didn't know any spells.

Dungeon Overview and Level Annotations

Branches:
Dungeon (12/15)            Temple (0/1) D:6            Lair (0/6) D:10
    Orc (0/2) D:11

Altars:
Ashenzari
Elyvilon
Fedhas
Gozag
Hepliaklqana
Nemelex Xobeh
Uskayaw
Vehumet
Xom
The Shining One

Shops:
D:5 *   D:7 [   D:9 ?


Innate Abilities, Weirdness & Mutations

You reflexively headbutt those who attack you in melee.
You have a pair of horns on your head.
You are frail. (-10% HP)
Your natural rate of healing is unusually fast.
You occasionally shout uncontrollably at your foes.


Message History

The eight-headed hydra bites you but does no damage. x4
The vampire gestures wildly while chanting.
The vampire flickers and vanishes!
Deactivating autopickup; reactivate with Ctrl-A.
The eight-headed hydra bites you but does no damage. x2
The eight-headed hydra bites you.
* * * LOW HITPOINT WARNING * * *
The eight-headed hydra bites you.
* * * LOW HITPOINT WARNING * * *
The eight-headed hydra bites you.
* * * LOW HITPOINT WARNING * * *
The eight-headed hydra bites you but does no damage.
The eight-headed hydra bites you.
* * * LOW HITPOINT WARNING * * *
The eight-headed hydra bites you but does no damage.
The eight-headed hydra bites you but does no damage.
The eight-headed hydra bites you!
* * * LOW HITPOINT WARNING * * *
The eight-headed hydra bites you.
You die...

# #.######..# #
#.#....#..# #
#.#....#..# #
#.#....#..#
######.#....#..#
.......#....##.#
#####..'.....#.###
#..#.....#.D.#
#..#..[..#..@##
#..#######....#
#...........###
#...........#
#...........#
#####..#######..#
.......# #..#
.......# #[.#
.......# #..#


You could see an eight-headed hydra.

Vanquished Creatures
  3 two-headed ogres (D:11)
  2 skeletal warriors (D:11)
  Pikel (D:8)
  An ugly thing (D:11)
  A gargoyle (D:11)
  Psyche (D:8)
  A centaur skeleton (D:10)
  A merfolk (D:9)
  4 trolls (D:11)
  Prince Ribbit (D:7)
  3 hippogriffs
  A wyvern (D:8)
  14 yaks
  A water moccasin (D:10)
  2 porcupines (D:10)
  2 slaves (D:8)
  3 black bears
  An eye of draining (D:10)
  2 orc warriors
  A sky beast (D:10)
  An ice beast (D:8)
  2 phantoms
  A necrophage (D:11)
  A hornet zombie (D:9)
  2 wolves (D:10)
  6 ogres
  5 centaurs
  4 crocodiles (D:10)
  4 big kobolds
  Blork the orc (D:4)
  8 bullfrogs
  4 gnoll sergeants (D:11)
  3 wyvern zombies
  A water moccasin skeleton (D:10)
  A scorpion (D:9)
  4 killer bees (D:7)
  5 howler monkeys
  4 crimson imps
  A centaur zombie (D:8)
  5 hounds
  2 quasits
  8 orc priests
  2 iguanas
  4 jellies
  6 orc wizards
  A bullfrog skeleton (D:7)
  7 worker ants
  2 hound zombies
  6 gnolls
  A howler monkey skeleton (D:4)
  9 adders
  A shadow imp (D:7)
  An ooze (D:2)
  2 adder skeletons
  6 worms
  6 dart slugs
  9 leopard geckos
  44 orcs
  7 bats
  9 giant cockroaches
  12 hobgoblins
  11 jackals
  4 quokkas
  6 frilled lizards
  6 goblins
  12 kobolds
  2 leopard gecko skeletons
  A leopard gecko zombie (D:6)
  11 rats
307 creatures vanquished.

Vanquished Creatures (others)
  A plant (D:10)
1 creature vanquished.

Grand Total: 308 creatures vanquished

Notes
Turn   | Place    | Note
-------+----------+-------------------------------------------
     0 | D:1      | ThePonjo the Minotaur Berserker began the quest for the Orb.
     0 | D:1      | Reached XP level 1. HP: 19/19 MP: 0/0
    81 | D:1      | Reached skill level 4 in Axes
    81 | D:1      | Reached XP level 2. HP: 9/27 MP: 1/1
   816 | D:1      | Reached XP level 3. HP: 26/33 MP: 2/2
  1095 | D:1      | Reached ** piety under Trog
  1700 | D:2      | Reached XP level 4. HP: 41/41 MP: 3/3
  1969 | D:2      | Reached skill level 5 in Axes
  2626 | D:3      | Reached *** piety under Trog
  2855 | D:3      | Reached XP level 5. HP: 47/47 MP: 4/4
  2963 | D:3      | Found a sparkling altar of Nemelex Xobeh.
  3197 | D:4      | Noticed an ogre
  3208 | D:4      | Killed an ogre
  3237 | D:4      | Noticed an ogre
  3243 | D:4      | Killed an ogre
  3243 | D:4      | Reached skill level 5 in Fighting
  3243 | D:4      | Reached skill level 6 in Axes
  3243 | D:4      | Reached XP level 6. HP: 28/56 MP: 5/5
  3626 | D:4      | Noticed Blork the orc
  3640 | D:4      | Killed Blork the orc
  3839 | D:4      | Reached XP level 7. HP: 61/61 MP: 6/6
  3843 | D:4      | Reached skill level 5 in Armour
  3978 | D:5      | Entered Level 5 of the Dungeon
  4372 | D:5      | Reached skill level 7 in Axes
  4629 | D:5      | Found Tuch's Assorted Antiques.
  4641 | D:5      | Bought a buckler for 90 gold pieces
  4641 | D:5      | Bought a scroll of remove curse for 60 gold pieces
  5130 | D:6      | Found a staircase to the Ecumenical Temple.
  5600 | D:7      | Noticed Prince Ribbit
  5606 | D:7      | Killed Prince Ribbit
  5606 | D:7      | Reached XP level 8. HP: 49/70 MP: 7/7
  5708 | D:7      | Reached skill level 8 in Axes
  5719 | D:7      | Found a glowing golden altar of the Shining One.
  5812 | D:7      | Reached **** piety under Trog
  5823 | D:7      | Reached skill level 1 in Shields
  5824 | D:7      | Upgraded the game from 0.21.1-1-g345015fe64 to 0.21.1-35-gfefc1aa2bb
  6002 | D:7      | Reached skill level 9 in Axes
  6083 | D:7      | Found Vamay's Armour Shop.
  6236 | D:7      | Found a white marble altar of Elyvilon.
  6326 | D:7      | Found a blossoming altar of Fedhas.
  6423 | D:8      | Reached XP level 9. HP: 79/79 MP: 8/8
  6445 | D:8      | Noticed Psyche
  6696 | D:8      | Killed Psyche
  6696 | D:8      | Reached skill level 10 in Axes
  7494 | D:8      | Found a shimmering altar of Xom.
  7500 | D:8      | Noticed Pikel
  7526 | D:8      | Killed Pikel
  7685 | D:9      | Reached skill level 11 in Axes
  7867 | D:9      | Reached XP level 10. HP: 84/89 MP: 9/9
  8230 | D:9      | Reached skill level 10 in Armour
  8434 | D:9      | Found Kuepnih's Magic Scroll Shop.
  8486 | D:9      | Bought a scroll of remove curse for 48 gold pieces
  8587 | D:9      | Found a hazy altar of Hepliaklqana.
  8587 | D:9      | Found a shattered altar of Ashenzari.
  8588 | D:9      | Found a radiant altar of Vehumet.
  8588 | D:9      | Found an opulent altar of Gozag.
  8668 | D:9      | Reached skill level 12 in Axes
  9249 | D:10     | Entered Level 10 of the Dungeon
  9261 | D:10     | Reached ***** piety under Trog
  9396 | D:10     | Reached skill level 5 in Shields
  9689 | D:10     | Found a staircase to the Lair.
  9993 | D:10     | Reached XP level 11. HP: 98/99 MP: 10/10
 10020 | D:10     | Reached skill level 13 in Axes
 10765 | D:10     | Upgraded the game from 0.21.1-35-gfefc1aa2bb to 0.21.1-68-g103a7afc0a
 10809 | D:11     | Reached skill level 10 in Fighting
 11107 | D:11     | Noticed a white ugly thing
 11126 | D:11     | Killed a white ugly thing
 11385 | D:11     | Noticed a two-headed ogre
 11396 | D:11     | Killed a two-headed ogre
 11455 | D:11     | Noticed a skeletal warrior
 11458 | D:11     | Noticed a skeletal warrior
 11510 | D:11     | Killed a skeletal warrior
 11520 | D:11     | Killed a skeletal warrior
 11785 | D:11     | Noticed a two-headed ogre
 11795 | D:11     | Killed a two-headed ogre
 11889 | D:11     | Noticed a skeletal warrior
 11890 | D:11     | Noticed a skeletal warrior
 11892 | D:11     | Noticed a skeletal warrior
 12290 | D:11     | Found a hide-covered altar of Uskayaw.
 12323 | D:11     | Noticed a two-headed ogre
 12333 | D:11     | Killed a two-headed ogre
 12333 | D:11     | Received a gift from Trog
 12333 | D:11     | Reached skill level 14 in Axes
 12480 | D:11     | Found a staircase to the Orcish Mines.
 12778 | D:11     | Gained mutation: You are frail. (-10% HP) [potion of mutation]
 12778 | D:11     | Gained mutation: You occasionally shout uncontrollably at your foes. [potion of mutation]
 12778 | D:11     | Gained mutation: Your natural rate of healing is unusually fast. [potion of mutation]
 12785 | D:11     | Noticed a five-headed hydra
 12796 | D:11     | HP: 2/90 [eight-headed hydra (8)]
 12796 | D:11     | Slain by an eight-headed hydra

Skill      XL: |  1  2  3  4  5  6  7  8  9 10 11 |
---------------+----------------------------------+-----
Fighting       | 4 5 6 7 8 9 11 | 11.2
Axes           | 4 5 6 7 9 11 12 14 | 14.2
Armour         | 3 4 6 7 9 11 12 | 12.5
Dodging        | 3 4 |  4.7
Shields        | 2 4 5 |  5.9
Throwing       | |  0.2
Stealth        | |  0.3

Action                   |  1- 3 |  4- 6 |  7- 9 | 10-12 || total
-------------------------+-------+-------+-------+-------++-------
Melee: Hand axe          |   102 |   128 |   300 |   469 ||   999
       Headbutt          |    17 |    24 |    45 |   148 ||   234
       Battleaxe         |       |       |       |    59 ||    59
Throw: Tomahawk          |     2 |     3 |     1 |       ||     6
Invok: Berserk           |       |     1 |     2 |     3 ||     6
       Burn Spellbooks   |       |       |     1 |       ||     1
       Trog's Hand       |       |       |     1 |     1 ||     2
  Use: Scroll            |     2 |     4 |     8 |     9 ||    23
       Potion            |       |     2 |     2 |     4 ||     8
  Eat: Chunk             |     3 |     6 |     6 |     5 ||    20
       Ration            |       |       |     3 |     4 ||     7
Armor: Animal skin       |    15 |       |       |       ||    15
       Leather armour    |     4 |       |       |       ||     4
       Ring mail         |     3 |    30 |    11 |       ||    44
       Scale mail        |       |       |    40 |       ||    40
       Plate armour      |       |       |   124 |   237 ||   361
Dodge: Dodged            |    58 |    76 |   125 |   157 ||   416
Block: Buckler           |       |       |    44 |    60 ||   104
